 Dungeon Crawl Stone Soup version 0.22-a0-877-g5c4e1af (webtiles) character file.

109 smcx the Firebug (level 4, -1/33 HPs)
             Began as a Draconian Fire Elementalist on July 29, 2018.
             Slain by an adder (3 damage)
             ... on level 4 of the Dungeon.
             The game lasted 00:12:07 (2273 turns).

smcx the Firebug (Draconian Fire Elementalist)      Turns: 2273, Time: 00:12:08

Health: -1/33      AC:  5    Str: 11    XL:     4   Next: 60%
Magic:  1/8        EV: 12    Int: 16    God:
Gold:   67         SH:  0    Dex: 11    Spells: 5/8 levels left

rFire    . . .     SeeInvis .   j - +0 hunting sling
rCold    . . .     Gourm    .   (no shield)
rNeg     . . .     Faith    .   (armour unavailable)
rPois    .         Spirit   .   (helmet restricted)
rElec    .         Reflect  .   (no cloak)
rCorr    .         Harm     .   (no gloves)
MR       .....                  (no boots)
Stlth    ++........             (no amulet)
HPRegen  0.11/turn              (no ring)
MPRegen  0.11/turn              (no ring)

@: no status effects
A: unfitting armour, cold-blooded, AC +5
a: no special abilities


You were on level 4 of the Dungeon.
You were not hungry.

You visited 1 branch of the dungeon, and saw 3 of its levels.

You collected 67 gold pieces.

Inventory:

Hand Weapons
 j - a +0 hunting sling (weapon)
Missiles
 i - 38 stones (quivered)
Scrolls
 d - 2 scrolls of remove curse {unknown}
 e - 2 scrolls of teleportation {unknown}
 f - 2 scrolls of identify
 m - a scroll of random uselessness {unknown}
Potions
 a - a potion of agility {unknown}
 c - a potion of might {unknown}
 g - a potion of curing
 h - a potion of flight {unknown}
Comestibles
 b - 2 rations


   Skills:
 + Level 2.6 Dodging
 - Level 1.8 Stealth
 + Level 2.7 Spellcasting
 + Level 2.3 Conjurations
 + Level 3.7 Fire Magic


You had 5 spell levels left.
You knew the following spells:

 Your Spells              Type           Power        Failure   Level  Hunger
a - Flame Tongue          Conj/Fire      ##...        5%          1    #......
b - Throw Flame           Conj/Fire      ##....       9%          2    ##.....

Your spell library contained the following spells:

 Spells                   Type           Power        Failure   Level  Hunger
 Fireball                 Conj/Fire      ##........   83%         5    ######.
 Conjure Flame            Conj/Fire      ##......     17%         3    ###....
 Sticky Flame             Conj/Fire      ##......     50%         4    #####..
 Inner Flame              Hex/Fire       #.......     26%         3    ###....


Dungeon Overview and Level Annotations

Branches:
Dungeon (2/15)

Altars:

Annotations:
D:4 Edmund


Innate Abilities, Weirdness & Mutations

Your plain brown scales are hard. (AC +5)
You cannot fit into any form of body armour.
You are cold-blooded and may be slowed by cold attacks.


Message History

Confirm with . or Enter, or press ? or * to list all spells.
You don't have enough magic to cast that spell.
Casting: Flame Tongue (safe; 5% risk of failure)
Confirm with . or Enter, or press ? or * to list all spells.
You don't have enough magic to cast that spell.
Firing (i - inventory)
i - 39 stones (quivered)
Press: ? - help, Shift-Dir - straight line, f/p - Edmund
Aim: Edmund, wielding a flail of holy wrath and wearing a chain mail (heavily wounded)
You shoot a stone. The stone hits Edmund.
Edmund is heavily wounded.
The adder misses you. The adder barely misses you.
Edmund hits you with a flail of holy wrath.
* * * LOW HITPOINT WARNING * * *
Edmund mutters, "Who needs spells, anyway?"
The adder barely misses you. Edmund closely misses you.
The adder bites you but does no damage.
Found a stone staircase leading up.
The adder bites you.
You die...

#### ##### ..# #...#
####### #.# #...+
#......######.###...####
.......@S.@.............
....<#.######.#.........
#.# #. #....#.........
#. #....#......... #.
#(...#####'##+# #.
#....#(..(.# #.
+....#.##### ## #...##.#
.#######...##.#


You could see Edmund and an adder.

Vanquished Creatures
  A hound (D:4)
  Natasha (D:2)
  An ooze (D:4)
  A worm (D:2)
  2 dart slugs
  3 giant cockroaches
  7 goblins
  4 hobgoblins
  6 jackals (D:1)
  5 kobolds (D:1)
  2 bats (D:1)
  2 frilled lizards
  9 rats
44 creatures vanquished.

Notes
Turn   | Place    | Note
-------+----------+-------------------------------------------
     0 | D:1      | smcx the Draconian Fire Elementalist began the quest for the Orb.
     0 | D:1      | Reached XP level 1. HP: 14/14 MP: 3/3
   362 | D:1      | Reached XP level 2. HP: 20/20 MP: 3/5
   987 | D:1      | Reached XP level 3. HP: 26/26 MP: 3/6
  1991 | D:2      | Learned a level 2 spell: Throw Flame
  2021 | D:2      | Noticed Natasha
  2023 | D:2      | Killed Natasha
  2023 | D:2      | Reached XP level 4. HP: 33/33 MP: 2/7
  2197 | D:2      | You fall through a shaft for 2 floors!
  2197 | D:4      | Noticed Edmund
  2263 | D:4      | HP: 1/33 [Edmund/flail of holy wrath (6)]
  2273 | D:4      | Slain by an adder

Vault maps used:
D:1:      eino_arrival_cavern_c
D:2:      uniq_natasha
D:4:      first_ration, uniq_crazy_yiuf_cottage, uniq_edmund, uniq_duvessa

Skill      XL: |  1  2  3 |
---------------+----------+-----
Dodging        | 2 |  2.6
Conjurations   | 2 |  2.3
Stealth        | |  1.8
Spellcasting   | |  2.7
Fire Magic     | |  3.7

Action                   |  1- 3 |  4- 6 || total
-------------------------+-------+-------++-------
Melee: Unarmed           |    29 |       ||    29
       Tailslap          |     2 |     1 ||     3
       Hunting sling     |       |     1 ||     1
 Fire: Hunting sling     |    20 |     7 ||    27
Throw: Stone             |     2 |       ||     2
 Cast: Flame Tongue      |    54 |    18 ||    72
       Throw Flame       |     1 |     4 ||     5
  Use: Potion            |       |     2 ||     2
       Scroll            |       |     1 ||     1
  Eat: Chunk             |     1 |     1 ||     2
       Ration            |     1 |       ||     1
Armor: Skin              |    14 |     6 ||    20
Dodge: Dodged            |    32 |    20 ||    52

Table legend:
 A = Spawn XP
 B = Non-spawn XP
 C = Spawn XP percentage of total XP
 D = Spawn monster count
 E = Non-spawn monster count
 F = Spawn count percentage of total count
 G = Total turns spent on level
                    A         B        C        D         E        F      G
               +---------+---------+-------+---------+---------+-------+---------
         Total |       0 |     157 |   0.0 |       0 |      44 |   0.0 |  2273
               +---------+---------+-------+---------+---------+-------+---------
           D:1 |       0 |      50 |   0.0 |       0 |      30 |   0.0 |  1429
           D:2 |       0 |      57 |   0.0 |       0 |      12 |   0.0 |   768
           D:4 |       0 |      50 |   0.0 |       0 |       2 |   0.0 |    76
               +---------+---------+-------+---------+---------+-------+---------
